 Dungeon Crawl Stone Soup version 0.29-a0-234-g0dae59b3db (webtiles) character file.

Game seed: 11793285172757293245

43 PaleWalker the Sneak (level 3, 0/21 HPs)
             Began as a Kobold Brigand on Mar 2, 2022.
             Succumbed to an adder's poison
             ... on level 2 of the Dungeon.
             The game lasted 00:01:54 (1622 turns).

PaleWalker the Sneak (Kobold Brigand)               Turns: 1622, Time: 00:01:55

Health: 0/21       AC:  3    Str:  8    XL:     3   Next: 82%
Magic:  3/3        EV: 14    Int: 12    God:
Gold:   73         SH:  0    Dex: 18    Spells: 2/2 levels left

rFire   . . .      SeeInvis .   a - +2 dagger
rCold   . . .      Faith    .   (no shield)
rNeg    . . .      Spirit   .   b - +0 robe
rPois   .          Reflect  .   (no helmet)
rElec   .          Harm     .   c - +0 cloak
rCorr   .          Rampage  .   (no gloves)
Will    .....                   (no boots)
Stlth   ++++......              (no amulet)
HPRegen 0.07/turn               (no ring)
MPRegen 0.08/turn               (no ring)

@: lethally poisoned (0 -> -1)
A: small, no large weapons, nightstalker 3
a: no special abilities


You were on level 2 of the Dungeon.
You visited 1 branch of the dungeon, and saw 2 of its levels.

You collected 73 gold pieces.

Inventory:

Hand Weapons
 a - a +2 dagger (weapon)
Missiles
 d - 8 poisoned darts (quivered)
 e - 2 curare-tipped darts
 q - 2 throwing nets
Armour
 b - a +0 robe (worn)
 c - a +0 cloak (worn)
Jewellery
 n - a +6 ring of strength
Scrolls
 f - 2 scrolls of teleportation {unknown}
 h - 2 scrolls of noise {unknown}
 k - 2 scrolls of identify {unknown}
 m - a scroll of magic mapping {unknown}
 p - a scroll of fog {unknown}
Potions
 g - a potion of haste {unknown}
 i - a potion of attraction {unknown}
 j - a potion of brilliance {unknown}
 l - a potion of curing {unknown}
 o - a potion of ambrosia {unknown}


   Skills:
 - Level 2.1 Fighting
 * Level 4.5 Short Blades
 - Level 2.1 Throwing
 - Level 1.2 Dodging
 + Level 6.0 Stealth


You had 2 spell levels left.
You didn't know any spells.
Your spell library contained the following spells:

 Spells                   Type           Power      Damage    Failure   Level
 Conjure Flame            Conj/Fire      0%         6-21      69%         3
 Ignite Poison            Fire/Tmut/Pois 0%         N/A       69%         3
 Sticky Flame             Conj/Fire      0%         2d3       97%         4


Dungeon Overview and Level Annotations

Branches:
Dungeon (2/15)

Altars:


Innate Abilities, Weirdness & Mutations

You are small and have problems with some larger weapons.
You are completely attuned to the shadows.


Message History

Found a stone staircase leading up.
Found an escape hatch in the floor.
There is an escape hatch in the floor here.
You now have 73 gold pieces (gained 10).
You open the door.
There is an open door here.
You open the door.
There is an open door here.
k - 2 scrolls labelled LYAGGI KOMOS (gained 1)
An adder comes into view.
The adder hisses angrily.
A ball python comes into view.
The adder closely misses you.
The ball python hisses angrily.
You hit the adder.
The adder is moderately wounded.
The adder bites you.
You are poisoned.
The adder poisons you!
You closely miss the adder.
The adder is moderately wounded.
You feel sick. The adder bites you.
You hit the adder.
The adder is heavily wounded.
You feel sick. The adder closely misses you.
You hit the adder. You punch the adder, but do no damage.
The adder is severely wounded.
The adder misses you.
You barely miss the adder. You punch the adder.
The adder is severely wounded.
You feel sick. The adder bites you.
* * * LOW HITPOINT WARNING * * *
You barely miss the adder.
The adder is severely wounded.
You feel sick. The adder closely misses you.
You hit the adder but do no damage.
The adder is severely wounded.
You feel sick. The adder bites you.
* * * LOW HITPOINT WARNING * * *
You die...

# # ############# ##.>........#
##.####.....# ##.# #.....# ##.#
#.....# ##.# ##'##############
######### ...# #.....##...@.SS..
......... ######.....##.########
#....... ..........##.# #.......
#######'#+###.# #######.......
......#.#..##.# #..........#.#
........##.##.######[########.#.#
.................................
......#####.#.#.#########.###.#.#
......# #+#+#...##.. .......#.#


You could see an adder and a ball python.

Vanquished Creatures
  4 bats
  7 endoplasms
  5 giant cockroaches
  A goblin (D:1)
  3 hobgoblins (D:1)
  3 jackals (D:2)
  4 kobolds
  3 quokkas
  2 ball pythons (D:1)
  A frilled lizard (D:2)
  3 rats (D:1)
36 creatures vanquished.

Notes
Turn   | Place    | Note
-------+----------+-------------------------------------------
     0 | D:1      | PaleWalker the Kobold Brigand began the quest for the Orb.
     0 | D:1      | Reached XP level 1. HP: 12/12 MP: 1/1
   230 | D:1      | Reached XP level 2. HP: 15/17 MP: 2/2
   688 | D:1      | Reached XP level 3. HP: 19/21 MP: 3/3
  1494 | D:2      | Reached skill level 6 in Stealth
  1621 | D:2      | HP: 1/21 [adder (3)]
  1622 | D:2      | Succumbed to an adder's poison

Illustrated notes

Levels and vault maps discovered:
D:1:      eino_arrival_water_cross, layout_basic
D:2:      layout_basic

Skill      XL: |  1  2  3 |
---------------+----------+-----
Short Blades   | 3 4 |  4.5
Stealth        | 6 |  6.0
Fighting       | |  2.1
Throwing       | |  2.1
Dodging        | |  1.2

Action                   || total
-------------------------++-------
Melee: Dagger            ||    81
       Punch             ||     2
 Stab: Sleeping          ||    20
Armor: Robe              ||    22
Dodge: Dodged            ||    39

Table legend: (Time is in decaauts)
 A = Elapsed time spent in this place.
 B = Non-inter-level travel time spent in this place.
 C = Inter-level travel time spent in this place.
 D = Time resting spent in this place.
 E = Time spent auto-exploring this place.
 F = Levels seen in this place.
 G = Mean time per level.
                   A        B        C        D        E       F      G
               +--------+--------+--------+--------+--------+-----+--------+
         Total |   1606 |   1583 |     23 |      0 |   1371 |   2 |  803.0 |
       Dungeon |   1606 |   1583 |     23 |      0 |   1371 |   2 |  803.0 |
               +--------+--------+--------+--------+--------+-----+--------+

Top non-repeatable levels by time:
     D:1: 1100 daAuts
     D:2: 505 daAuts
